 Dungeon Crawl Stone Soup version 0.26-a0-649-gf8c6c3aab7 (webtiles) character file.

Game seed: 1335756780742233172

1888 muata the Cleaver (level 9, -2/79 HPs)
             Began as a Hill Orc Fighter on Sept 27, 2020.
             Was a Believer of Okawaru.
             Slain by an iron imp (8 damage)
             ... summoned by a kobold demonologist
             ... on level 10 of the Dungeon.
             The game lasted 00:17:51 (6601 turns).

muata the Cleaver (Hill Orc Fighter)                Turns: 6601, Time: 00:17:51

Health: -2/79      AC:  8    Str: 22      XL:     9   Next: 15%
Magic:  8/9        EV:  8    Int:  8      God:    Okawaru [**....]
Gold:   295        SH: 11    Dex:  8 (10) Spells: 8/8 levels left

rFire    . . .     SeeInvis .   a - +0 war axe
rCold    . . .     Faith    .   c - +1 kite shield
rNeg     . . .     Spirit   .   b - +0 scale mail
rPois    .         Reflect  .   (no helmet)
rElec    .         Harm     .   (no cloak)
rCorr    .         Rampage  .   (no gloves)
MR       .....                  (no boots)
Stlth    ..........             (no amulet)
HPRegen  0.23/turn              (no ring)
MPRegen  0.11/turn              (no ring)

@: no status effects
A: no striking features
a: Heroism, Renounce Religion


You were on level 10 of the Dungeon.
You worshipped Okawaru.
Okawaru was pleased with you.
You visited 1 branch of the dungeon, and saw 8 of its levels.
You also visited: Ossuary.

You collected 295 gold pieces.

Inventory:

Hand Weapons
 a - a +0 war axe (weapon)
 e - a +0 mace of holy wrath
Missiles
 j - 29 poisoned darts (quivered)
 p - a throwing net
Armour
 b - a +0 scale mail (worn)
 c - a +1 kite shield (worn)
Jewellery
 q - an uncursed ring of wizardry
 u - an uncursed amulet of magic regeneration
 z - a cursed ring of magical power
 H - an uncursed amulet of the acrobat {unknown}
Wands
 d - a wand of digging (5)
 D - a wand of polymorph (10)
Scrolls
 f - 5 scrolls of teleportation
 h - a scroll of immolation {unknown}
 k - 7 scrolls of identify
 m - 3 scrolls of fear
 o - 5 scrolls of remove curse
 r - 5 scrolls of enchant armour
 w - a scroll of magic mapping {unknown}
 x - a scroll of fog {unknown}
 y - a scroll of enchant weapon {unknown}
 C - a scroll of random uselessness {unknown}
 F - a scroll of amnesia {unknown}
Potions
 g - 2 potions of cancellation
 i - 4 potions of haste
 l - a potion of curing {unknown}
 n - a potion of magic {unknown}
 s - a potion of degeneration {unknown}
 t - a potion of brilliance {unknown}
 v - a potion of ambrosia {unknown}
 A - a potion of flight {unknown}
 B - a potion of stabbing {unknown}
 E - 2 potions of mutation {unknown}
 G - 3 potions of heal wounds {unknown}
 I - a potion of might


   Skills:
 - Level 7.1 Fighting
 + Level 8.2 Axes
 + Level 7.3 Armour
 + Level 7.4 Shields


You had 8 spell levels left.
You didn't know any spells.
Your spell library contained the following spells:

 Spells                   Type           Power        Failure   Level
 Sandblast                Erth           #.....       95%         1
 Passwall                 Tmut/Erth      #.......     99%         2
 Stone Arrow              Conj/Erth      #.....       100%        3
 Petrify                  Tmut/Erth      #.......     100%        4
 Lee's Rapid Deconstruct  Erth           #.........   100%        5


Dungeon Overview and Level Annotations

Branches:
Dungeon (10/15)           Ossuary (visited)
 Temple: D:4-7         Lair: D:8-11         Orc: D:9-12

Altars:
Dithmenos
Fedhas
Kikubaaqudgha
Okawaru
Ru
Uskayaw

Shops:
D:4 (

Annotations:
D:9 Joseph


Message History

The quasit claws you but does no damage.
You block the quasit's attack.
The kobold demonologist hits you with a +0 dagger.
* * * LOW HITPOINT WARNING * * *
The iron imp hits you but does no damage.
You hit the kobold demonologist.
The kobold demonologist is heavily wounded.
You closely miss the quasit. You slash the iron imp! You hit the troll.
The quasit bites you but does no damage.
The quasit claws you but does no damage.
You block the quasit's attack. The troll bites you but does no damage.
You block the troll's attack. The troll claws you but does no damage.
The kobold demonologist hits you but does no damage.
The quasit bites you but does no damage.
The quasit claws you but does no damage.
You block the quasit's attack. The troll barely misses you.
The troll claws you.
* * * LOW HITPOINT WARNING * * *
The troll claws you but does no damage. The iron imp hits you!
You die...

# ###
.#.####.##
.......<.#
.........#
.......5.#
......5@.#
ยง.....5KT#
.........+
...###..##
#.. #..# ..
.... ....
.....


You could see a kobold demonologist, a troll, an iron imp (summoned), a quasit
(summoned) and a crimson imp (summoned).

Vanquished Creatures
  Pikel (D:5)
  Grinder (D:5)
  Eustachio (D:4)
  Edmund (D:5)
  2 sky beasts
  3 lemures (D:5)
  An elf zombie (Ossuary)
  A scorpion (D:6)
  3 vampire bats (D:5)
  A hound (D:6)
  A quasit (D:9)
  2 centaur zombies (Ossuary)
  A centaur skeleton (D:6)
  An orc priest (D:9)
  An orc wizard (D:9)
  2 iguanas
  2 worker ants
  2 big kobold zombies (Ossuary)
  A hound skeleton (D:9)
  2 mummies (Ossuary)
  A howler monkey zombie (D:6)
  A worker ant zombie (D:3)
  A gnoll (D:1)
  A howler monkey skeleton (D:9)
  5 adders
  A shadow imp (D:5)
  An ufetubus (D:4)
  An ooze (D:2)
  3 worms
  An adder zombie (Ossuary)
  A dart slug (D:2)
  4 leopard geckos
  5 orcs
  4 bat skeletons (D:5)
  2 bat zombies (D:5)
  A giant cockroach (D:2)
  5 goblins
  5 hobgoblins
  2 jackals (D:4)
  4 kobolds
  A quokka (D:5)
  A ball python (D:1)
  6 bats
  6 frilled lizards
  2 goblin zombies
  10 hobgoblin zombies (Ossuary)
  A jackal skeleton (D:5)
  10 kobold zombies (Ossuary)
  9 orc zombies (Ossuary)
  A quokka zombie (D:6)
  3 rats (D:1)
  A rat zombie (Ossuary)
130 creatures vanquished.

Notes
Turn   | Place    | Note
-------+----------+-------------------------------------------
     0 | D:1      | muata the Hill Orc Fighter began the quest for the Orb.
     0 | D:1      | Reached XP level 1. HP: 19/19 MP: 1/1
    78 | D:1      | Reached XP level 2. HP: 26/27 MP: 2/2
   276 | D:1      | Reached skill level 3 in Axes
  1012 | D:2      | Reached XP level 3. HP: 33/33 MP: 3/3
  1036 | D:2      | You fall into a shaft and drop 1 floor!
  1304 | D:2      | Reached XP level 4. HP: 40/40 MP: 4/4
  1340 | D:2      | Found a sacrificial altar of Ru.
  1341 | D:2      | Found a blossoming altar of Fedhas.
  1346 | D:2      | Found an iron altar of Okawaru.
  1350 | D:2      | Became a worshipper of Warmaster Okawaru
  2137 | D:3      | Reached XP level 5. HP: 42/47 MP: 5/5
  2901 | D:4      | Reached skill level 4 in Axes
  3288 | D:4      | Noticed Eustachio
  3589 | D:4      | Killed Eustachio
  3589 | D:4      | Reached skill level 5 in Fighting
  3589 | D:4      | Reached XP level 6. HP: 23/56 MP: 6/6
  3781 | D:4      | Found Axuevina's Antique Weapon Shop.
  3837 | D:5      | Entered Level 5 of the Dungeon
  3872 | D:5      | Noticed Grinder
  4221 | D:5      | Paralysed by Grinder for 5 turns
  4234 | D:5      | Paralysed by Grinder for 2 turns
  4238 | D:5      | Killed Grinder
  4238 | D:5      | Reached * piety under Okawaru
  4238 | D:5      | Reached skill level 5 in Axes
  4238 | D:5      | Reached skill level 5 in Armour
  4238 | D:5      | Reached skill level 5 in Shields
  4238 | D:5      | Reached XP level 7. HP: 5/62 MP: 7/7
  4587 | D:4      | Found a hide-covered altar of Uskayaw.
  4671 | D:5      | Noticed Edmund
  4682 | D:5      | Killed Edmund
  4831 | D:5      | Found an ancient bone altar of Kikubaaqudgha.
  4842 | D:5      | Reached skill level 6 in Axes
  4880 | D:5      | Reached ** piety under Okawaru
  4880 | D:5      | Reached XP level 8. HP: 55/71 MP: 8/8
  4988 | D:5      | Found a shadowy altar of Dithmenos.
  5251 | D:5      | Noticed Pikel
  5270 | D:5      | Killed Pikel
  5270 | D:5      | Reached skill level 7 in Axes
  5767 | D:6      | Found a sand-covered staircase.
  5784 | Ossuary  | Entered an ossuary
  6198 | D:6      | Reached XP level 9. HP: 72/79 MP: 9/9
  6207 | D:6      | Reached skill level 8 in Axes
  6356 | D:6      | You fall into a shaft and drop 3 floors!
  6567 | D:9      | Noticed Joseph
  6586 | D:10     | Entered Level 10 of the Dungeon
  6586 | D:10     | Noticed a kobold demonologist
  6589 | D:10     | Noticed a troll
  6601 | D:10     | Slain by an iron imp

Illustrated notes

Levels and vault maps discovered:
D:1:      ebering_trefoil_3fold, layout_basic
D:2:      layout_loops_ring, minitemple
D:3:      layout_basic
D:4:      layout_basic, nicolae_overflow_hidden_temple, serial_shops, shop,
          uniq_eustachio
D:5:      layout_rooms, grunt_dithmenos_shadows, kennysheep_vampire_church,
          uniq_edmund, uniq_pikel, uniq_grinder
D:6:      layout_loops_ring, kennysheep_little_box, minmay_temple_entry_hall,
          enter_ossuary_4, uniq_maggie
D:9:      layout_basic, grunt_temple_overflow_open, uniq_joseph, uniq_erolcha
D:10:     layout_gridville, led_sif_book

Skill      XL: |  1  2  3  4  5  6  7  8  9 |
---------------+----------------------------+-----
Axes           | 3 4 5 6 7 8 |  8.2
Fighting       | 4 5 6 7 |  7.1
Shields        | 4 5 7 |  7.4
Armour         | 4 5 7 |  7.3

Action                   |  1- 3 |  4- 6 |  7- 9 || total
-------------------------+-------+-------+-------++-------
Melee: War axe           |    70 |   166 |   281 ||   517
Invok: Heroism           |       |       |     5 ||     5
  Use: Potion            |       |     1 |       ||     1
       Scroll            |       |       |     9 ||     9
Armor: Scale mail        |    20 |   171 |   146 ||   337
Dodge: Dodged            |    15 |   101 |    95 ||   211
Block: Kite shield       |    40 |   173 |   174 ||   387

Table legend: (Time is in decaauts)
 A = Elapsed time spent in this place.
 B = Non-inter-level travel time spent in this place.
 C = Inter-level travel time spent in this place.
 D = Time resting spent in this place.
 E = Time spent auto-exploring this place.
 F = Levels seen in this place.
 G = Mean time per level.
                   A        B        C        D        E       F      G
               +--------+--------+--------+--------+--------+-----+--------+
         Total |   6743 |   6454 |    289 |   1791 |   2979 |   9 |  749.2 |
       Dungeon |   6394 |   6105 |    289 |   1791 |   2979 |   8 |  799.2 |
       Ossuary |    349 |    349 |      0 |      0 |      0 |   1 |  349.0 |
               +--------+--------+--------+--------+--------+-----+--------+

Top non-repeatable levels by time:
     D:3: 1452 daAuts
     D:4: 1359 daAuts
     D:5: 1300 daAuts
     D:1: 1019 daAuts
     D:2: 702 daAuts
 Ossuary: 349 daAuts
     D:6: 314 daAuts
     D:9: 231 daAuts
    D:10: 14 daAuts
